 Dungeon Sprint DCSS version 0.32-a0-683-ge26c5dbc97 (webtiles) character file.

Game seed: 4190509462294046970

22494 Revguard the Brawler (level 12, -9/126 HPs)
             Began as a Troll Monk on Mar 12, 2024.
             Was the Champion of Wu Jian.
             Mangled by an iron golem (22 damage)
             ... in the Dungeon (Sprint V: "Ziggurat Sprint").
             The game lasted 00:12:51 (779 turns).

Revguard the Brawler (Troll Monk)                    Turns: 779, Time: 00:12:53

Health: -9/126     AC: 31    Str: 17    XL:     12   Next: 63%
Magic:  11/11      EV: 18    Int:  6    God:    Wu Jian [******]
Gold:   0          SH:  5    Dex: 21    Spells: 11/11 levels left

rFire   + .          .
                       - Unarmed
rCold   + . .        c - orb {light}
rNeg    + . .        v - +8 gold dragon scales of the Merchant {rPois rF+ rC+ Dex+3}
rPois   +            (helmet currently unavailable)
rElec   .            (cloak currently unavailable)
rCorr   .            (gloves unavailable)
SInv    .            (boots unavailable)
Will    +++..        a - amulet "Yreedgh" {Reflect Harm Rampage SH+5} Stlth
                     J - ring of Moderation {rN+ Will+++ AC+4 Str-5 Dex+2}
HPRegen 1.21/turn    w - +4 ring of slaying
MPRegen 0.12/turn

%: no teleportation, harm (+30% outgoing, +20% incoming), reflection, rampage
@: mighty, beast-form, in a heavenly storm, glowing
A: beast (slay +4), large, unfitting armour, claws 3, regeneration 1, shaggy fur
1, tough skin 1, frail 1
a: Begin Untransformation, Renounce Religion, Wall Jump, Serpent's Lash,
Heavenly Storm


You were in the Dungeon.
You worshipped Wu Jian.
Wu Jian was exalted by your worship.
You were a hulking beast.
You visited 1 branch

Inventory:

Armour
 c - an orb of light (worn)
 v - the +8 gold dragon scales of the Merchant (worn) {rPois rF+ rC+ Dex+3}
   (You found it in the Dungeon)

   Dex+3:     It affects your dexterity (+3).
   rF+:       It protects you from fire.
   rC+:       It protects you from cold.
   rPois:     It protects you from poison.
Jewellery
 a - the amulet "Yreedgh" (around neck) {Reflect Harm Rampage SH+5}
   (You found it in the Dungeon)

   [amulet of reflection]

   Reflect:   It reflects blocked missile attacks.
   SH+5:      It affects your SH (+5).
   Harm:      It increases damage dealt and taken.
   Rampage:   It bestows one free step when moving towards enemies.
 w - a +4 ring of slaying (right claw)
 x - the ring of Yesterday {rElec rPois rC+}
   (You found it in the Dungeon)

   [ring of poison resistance]

   rC+:       It protects you from cold.
   rElec:     It insulates you from electricity.
   rPois:     It protects you from poison.
 z - the amulet "Nemep" {Faith +Inv Dex+7}
   (You found it in the Dungeon)

   [amulet of faith]

   Faith:     It allows you to gain divine favour quickly.
   Dex+7:     It affects your dexterity (+7).
   +Inv:      It lets you turn invisible.
 A - a ring of willpower
 B - a +6 ring of strength
 E - the amulet of the Present {RegenMP+ Str+2}
   (You found it in the Dungeon)

   [amulet of magic regeneration]

   It increases your rate of magic regeneration.
   Str+2:     It affects your strength (+2).
   RegenMP+:  It increases your rate of magic regeneration.
 I - a +4 ring of protection
 J - the ring of Moderation (left claw) {rN+ Will+++ AC+4 Str-5 Dex+2}
   (You found it in the Dungeon)

   [ring of protection]

   AC+4:      It affects your AC (+4).
   Str-5:     It affects your strength (-5).
   Dex+2:     It affects your dexterity (+2).
   rN+:       It protects you from negative energy.
   Will+++:   It greatly increases your willpower.
Talismans
 C - a beast talisman (active)
 D - a blade talisman
Wands
 m - a wand of flame (22)
 s - a wand of mindburst (7)
 t - a wand of iceblast (7)
 u - a wand of acid (10)
 G - a wand of digging (6)
Scrolls
 i - 2 scrolls of blinking
 o - 4 scrolls of amnesia
 p - 7 scrolls of fog
 q - 5 scrolls of identify
 r - 2 scrolls of fear
 y - 4 scrolls of enchant weapon
 F - a scroll of brand weapon
Potions
 b - a potion of ambrosia
 d - 10 potions of curing
 e - 10 potions of heal wounds
 f - 6 potions of haste
 g - 7 potions of magic
 h - 3 potions of berserk rage
 j - 2 potions of brilliance
 k - 2 potions of invisibility
 l - 4 potions of resistance
 n - 4 potions of might


   Skills:
 * Level 14.5 Fighting
 + Level 10.5 Armour
 + Level 10.8 Dodging
 * Level 17.0 Unarmed Combat
 + Level 9.2 Evocations
 + Level 11.0 Shapeshifting


You had 11 spell levels left.
You didn't know any spells.
Your spell library contained the following spells:

 Spells                   Type           Power      Damage    Failure   Level
 Freeze                   Ice            0%         1d3       100%        1
 Magic Dart               Conj           0%         1d3       100%        1
 Shock                    Conj/Air       0%         1d3       100%        1
 Slow                     Hex            0%         N/A       100%        1
 Searing Ray              Conj           0%         2d4       100%        2
 Static Discharge         Conj/Air       0%         3-3/arc   100%        2
 Call Canine Familiar     Summ           0%         N/A       100%        3
 Confusing Touch          Hex            0%         N/A       100%        3
 Hailstorm                Conj/Ice       0%         3d5       100%        3
 Sigil of Binding         Hex            0%         N/A       100%        3
 Tukima's Dance           Hex            0%         N/A       100%        3
 Vampiric Draining        Necr           0%         2d6       100%        3
 Airstrike                Air            0%         2d(0-16)  100%        4
 Dimensional Bullseye     Hex/Tloc       0%         N/A       100%        4
 Fulminant Prism          Conj/Alch      0%         3d5       100%        4
 Passage of Golubria      Tloc           0%         N/A       100%        4
 Summon Blazeheart Golem  Fire/Summ      0%         N/A       100%        4
 Summon Lightning Spire   Summ/Air       0%         N/A       100%        4
 Summon Forest            Summ/Tloc      0%         N/A       100%        5
 Yara's Violent Unravell  Hex/Alch       0%         3d3       100%        5
 Eringya's Noxious Bog    Alch           0%         4d6       100%        6
 Sculpt Simulacrum        Ice/Alch       0%         N/A       100%        6
 Orb of Destruction       Conj           0%         9d5       100%        7
 Spellforged Servitor     Conj/Summ      0%         N/A       100%        7
 Summon Hydra             Summ           0%         N/A       100%        7
 Infestation              Necr           0%         N/A       100%        8
 Polar Vortex             Ice            0%         N/A       100%        9


Dungeon Overview and Level Annotations

Branches:
Dungeon (1/1)

Altars:
Ashenzari
Cheibriados
Dithmenos
Elyvilon
Fedhas
Gozag
Hepliaklqana
Kikubaaqudgha
Makhleb
Nemelex Xobeh
Okawaru
Qazlal
Ru
Sif Muna
Trog
Uskayaw
Vehumet
Wu Jian
Xom
Yredelemnul
Zin
The Shining One
Beogh
Jiyva
Lugonu

Annotations:
D 1 transporter


Innate Abilities, Weirdness & Mutations

You are a hulking beast.
Your limbs bulge with bestial killing power. (Slay +4)
You are too large for most types of armour.
You have claws for hands.
Your natural rate of healing is unusually fast.
You are covered in fur. (AC +1)
You have tough skin. (AC +1)
You are frail. (-10% HP)


Message History

The ancient champion hits you with a +1 heavy great sword!
* * * LOW HITPOINT WARNING * * *
The ancient champion hits you with a +1 heavy great sword.
* * * LOW HITPOINT WARNING * * *
The ancient champion misses you. The iron dragon bites you!
* * * LOW HITPOINT WARNING * * *
The iron dragon claws you but does no damage.
The iron dragon tramples you but does no damage.
Unknown command.
Blink to where?
Press: ? - help, Dir - move target
As you read the scroll of blinking, it crumbles to dust.
You feel much better.
The ancient champion hits you with a +1 heavy great sword.
Aiming: Wall Jump
Press: ? - help, Dir - move target You repeatedly attack the ancient champion from above.
You mangle the ancient champion!!
The ancient champion is moderately damaged.
You mangle the ancient champion!!
The ancient champion is severely damaged.
You repeatedly attack the iron golem from above.
You mangle the iron golem!!
The iron golem is lightly damaged.
You mangle the iron golem!!
The iron golem is moderately damaged.
You scratch the iron golem but do no damage.
The iron golem is moderately damaged.
You repeatedly attack the ancient champion from above.
You mangle the ancient champion!!
You destroy the ancient champion!
The Council accepts your kill.
You feel less exhausted.
The ancient champion gestures at you while chanting.
The iron shot hits you!
The ancient champion closely misses you.
The ancient champion hits you with a +0 heavy great sword!!
* * * LOW HITPOINT WARNING * * *
The iron golem hits you!!
You die...

▓....[)...▓..[|[
▓.........▓.....
▓.........▓.....
▓.........▓.....
▓.........▓.....
▓▓▓▓▓▓▓▓▓▓▓▓▓.▓.....▓.▓.▓...
▓....ß©ß°§§☼▓....©....▓...©.
▓..)/))☼☼°zz▓▓▓▓▓▓▓▓▓▓▓▓▓▓▓▓
▓...:))○○D9h▓...ß©ß...▓..ß©ß
▓......○○§z§▓...|..)..▓..[))
▓......☼○§☼○▓....)|...▓...|[
▓.....D.....▓.........▓.....
▓.......†...▓.........▓.....
▓..▓..)).▓..▓.††.†....▓.....
▓ ▓▓.).▓▓▓.▓..††.....▓.....
▓..▓.....▓..▓.▓.....▓.▓.....
▓..§.§©☼.°..▓....©....▓...©.


You could see an iron golem, an iron dragon and 3 ancient champions.

Vanquished Creatures
  A caustic shrike (D)
  2 deep elf blademasters (D)
  A tentacled starspawn (D)
  4 ancient champions (D)
  A deep elf sorcerer (D)
  4 very ugly things (D)
  A deep elf high priest (D)
  A two-headed ogre (shapeshifter) (D)
  2 dancing weapons (D)
  A glowing orange brain (shapeshifter) (D)
  A deep elf pyromancer (D)
  A deep elf zephyrmancer (D)
  A shining eye (D)
  5 draconians (D)
  An elephant (shapeshifter) (D)
  A tormentor (D)
  A spriggan (D)
  A ynoxinul (D)
  A water elemental (D)
  5 air elementals (D)
  A slime creature (D)
  A wyvern (D)
  3 neqoxecs (D)
  3 yaks (D)
  A hell hound (D)
  2 black bears (D)
  3 orc warriors (D)
  A wolf (D)
  A weeping skull (D)
  An earth elemental (D)
  A wight (D)
  A crimson imp (D)
  3 jellies (D)
  A quasit (D)
  4 orc priests (D)
  An iguana (D)
  An orc wizard (D)
  2 river rats (D)
  2 white imps (D)
  3 ufetubi (D)
  An adder zombie (D)
  An orc (D)
  A bat zombie (D)
  An endoplasm (D)
  A ball python skeleton (D)
  2 giant cockroach zombies (D)
  A quokka skeleton (D)
  A quokka zombie (D)
  A starspawn tentacle (D)
82 creatures vanquished.

Vanquished Creatures (others)
  A starspawn tentacle (D)
1 creature vanquished.

Grand Total: 83 creatures vanquished

Notes
Turn   | Place    | Note
-------+----------+-------------------------------------------
     0 | D        | Revguard the Troll Monk began the quest for the Orb.
     0 | D        | Reached XP level 1. HP: 22/22 MP: 0/0
     0 | D        | Found a blossoming altar of Fedhas.
     0 | D        | Found the +6 Majin-Bo {spellvamp, MP+6 Int+6}
     0 | D        | Found the +27 heavy crossbow "Sniper" {heavy, Acc+∞ SInv}
     0 | D        | Found the +10 dark maul {heavy}
     0 | D        | Found the +15 Maxwell's patent armour {-Cast -Tele rElec
                  | Will+ rCorr}
     0 | D        | Found the +18 shield of the Gong {Loud rN+ Will+ rCorr
                  | EV-5}
     0 | D        | Found the +16 obsidian axe {drain, demonic, Mesm ^Drain Fly
                  | SInv}
     0 | D        | Found the +7 great mace "Firestarter" {flame, immolate,
                  | rFlCloud rF++}
     0 | D        | Found the +6 shillelagh "Devastator" {shatter}
     0 | D        | Found the +11 plutonium sword {^Contam Stlth-}
     0 | D        | Found the +8 lance "Wyrmbane" {slay drac, rPois rF+ rC+
                  | AC+3}
     0 | D        | Found the +9 sword of Zonguldrok {reap}
     0 | D        | Found the +13 scythe of Curses {drain, curses, ^Drain}
     0 | D        | Found the +9 sword of Power {lifebolt}
     0 | D        | Found the +7 mace of Variability {chaos, chaos arc}
     0 | D        | Found the +11 Singing Sword {sonic wave}
     0 | D        | Found the +8 storm bow {elec, penet}
     1 | D        | Found a shimmering blue altar of Sif Muna.
     1 | D        | Found a sacrificial altar of Ru.
     1 | D        | Found a bloodstained altar of Trog.
     1 | D        | Found a stormy altar of Qazlal.
     1 | D        | Found an iron altar of Okawaru.
     1 | D        | Found a sparkling altar of Nemelex Xobeh.
     3 | D        | Found a transporter.
     3 | D        | Found an ancient bone altar of Kikubaaqudgha.
     3 | D        | Found a viscous altar of Jiyva.
     3 | D        | Found a corrupted altar of Lugonu.
     3 | D        | Found a hazy altar of Hepliaklqana.
     3 | D        | Found a burning altar of Makhleb.
     3 | D        | Found an opulent altar of Gozag.
    45 | D        | Reached skill level 1 in Armour
    45 | D        | Reached skill level 4 in Unarmed Combat
    45 | D        | Reached skill level 1 in Evocations
    45 | D        | Reached XP level 2. HP: 32/32 MP: 1/1
    64 | D        | Became a worshipper of the Wu Jian Council
    64 | D        | Reached * piety under Wu Jian
    64 | D        | Reached ** piety under Wu Jian
    77 | D        | Entered arena 2.
    77 | D        | Noticed a wight
    77 | D        | Found a transporter.
    80 | D        | Killed a wight
    81 | D        | Reached skill level 5 in Unarmed Combat
    81 | D        | Reached XP level 3. HP: 31/40 MP: 2/2
    84 | D        | Got the amulet "Yreedgh" {Reflect Harm Rampage SH+5}
    92 | D        | Entered arena 3.
    92 | D        | Noticed a black bear
    92 | D        | Noticed a black bear
    92 | D        | Noticed a spriggan
    92 | D        | Found a transporter.
    94 | D        | Killed a spriggan
    95 | D        | Reached skill level 5 in Fighting
    95 | D        | Reached skill level 6 in Unarmed Combat
    95 | D        | Reached XP level 4. HP: 52/52 MP: 3/3
    95 | D        | Reached XP level 5. HP: 59/59 MP: 4/4
    95 | D        | Killed a black bear
    95 | D        | Reached *** piety under Wu Jian
    96 | D        | Reached skill level 7 in Unarmed Combat
    96 | D        | Reached XP level 6. HP: 62/67 MP: 5/5
   102 | D        | Reached skill level 5 in Dodging
   107 | D        | Entered arena 4.
   107 | D        | Found a transporter.
   111 | D        | Reached **** piety under Wu Jian
   113 | D        | Reached skill level 8 in Unarmed Combat
   119 | D        | Entered arena 5.
   119 | D        | Noticed an air elemental
   119 | D        | Noticed an air elemental
   119 | D        | Noticed an air elemental
   119 | D        | Noticed an air elemental
   119 | D        | Found a transporter.
   119 | D        | Paralysed by an air elemental for 1 turns
   123 | D        | Paralysed by an air elemental for 1 turns
   124 | D        | Killed an air elemental
   125 | D        | Reached XP level 7. HP: 34/78 MP: 6/6
   125 | D        | Killed an air elemental
   126 | D        | Reached skill level 9 in Unarmed Combat
   126 | D        | Reached skill level 5 in Shapeshifting
   126 | D        | Killed an air elemental
   127 | D        | Reached skill level 5 in Armour
   127 | D        | Killed an air elemental
   127 | D        | Reached ***** piety under Wu Jian
   128 | D        | Reached XP level 8. HP: 38/88 MP: 7/7
   132 | D        | Got The Lost Compendium of the Warlock
   172 | D        | Entered arena 6.
   172 | D        | Found the +10 morningstar "Eos" {elec, Halo rElec}
   172 | D        | Noticed a draconian
   172 | D        | Noticed a draconian
   172 | D        | Noticed a draconian
   172 | D        | Noticed a draconian
   172 | D        | Noticed a draconian
   172 | D        | Found a transporter.
   175 | D        | Killed a draconian
   175 | D        | Reached skill level 10 in Unarmed Combat
   177 | D        | Killed a draconian
   178 | D        | Reached skill level 5 in Evocations
   179 | D        | Killed a draconian
   180 | D        | Reached skill level 11 in Unarmed Combat
   180 | D        | Reached XP level 9. HP: 60/98 MP: 8/8
   182 | D        | Killed a draconian
   183 | D        | Killed a draconian
   221 | D        | Entered arena 7.
   221 | D        | Noticed a shining eye
   222 | D        | Found a transporter.
   224 | D        | Killed a shining eye
   224 | D        | Reached skill level 10 in Fighting
   224 | D        | Reached skill level 12 in Unarmed Combat
   224 | D        | Reached ****** piety under Wu Jian
   227 | D        | Got the +8 gold dragon scales of the Merchant {rPois rF+
                  | rC+ Dex+3}
   250 | D        | Entered arena 8.
   251 | D        | Found a transporter.
   269 | D        | Entered arena 9.
   269 | D        | Noticed a tentacled starspawn
   270 | D        | Found a transporter.
   275 | D        | Killed a tentacled starspawn
   276 | D        | Reached XP level 10. HP: 111/111 MP: 9/9
   284 | D        | Got the ring of Yesterday {rElec rPois rC+}
   413 | D        | Entered arena 10.
   414 | D        | Found a transporter.
   421 | D        | Reached skill level 13 in Unarmed Combat
   427 | D        | Got the amulet "Nemep" {Faith +Inv Dex+7}
   429 | D        | Got the amulet of the Present {RegenMP+ Str+2}
   435 | D        | Got the Handbook of Icy Outbursts
   438 | D        | Entered arena 11.
   439 | D        | Found a transporter.
   467 | D        | Entered arena 12.
   467 | D        | Found the +8 pair of quick blades "Gyre" and "Gimble"
                  | {protect}
   467 | D        | Noticed a green very ugly thing
   467 | D        | Noticed a deep troll
   467 | D        | Noticed a glowing orange brain
   467 | D        | a deep troll changed into a wind drake
   467 | D        | Noticed a purple very ugly thing
   468 | D        | Noticed a cyan very ugly thing
   468 | D        | Noticed a green very ugly thing
   468 | D        | Found a transporter.
   468 | D        | Noticed a mana viper
   468 | D        | a mana viper changed into a sea snake
   468 | D        | Noticed a sea snake (glowing shapeshifter)
   470 | D        | Noticed a skyshark
   470 | D        | Killed a glowing orange brain
   470 | D        | Killed a green very ugly thing
   472 | D        | a skyshark changed into an elephant
   472 | D        | Noticed an elephant (glowing shapeshifter)
   472 | D        | Gained mutation: You are frail. (-10% HP) [a neqoxec]
   473 | D        | Killed an elephant
   474 | D        | Reached XP level 11. HP: 77/110 MP: 10/10
   476 | D        | Noticed a death drake
   476 | D        | Killed a green very ugly thing
   477 | D        | Reached skill level 14 in Unarmed Combat
   478 | D        | a death drake changed into a swamp worm
   482 | D        | a dream sheep changed into a two-headed ogre
   482 | D        | Noticed a two-headed ogre (glowing shapeshifter)
   483 | D        | Killed a two-headed ogre
   484 | D        | Killed a green very ugly thing
   485 | D        | Killed a white very ugly thing
   497 | D        | Got the ring of Moderation {rN+ Will+++ AC+4 Str-5 Dex+2}
   553 | D        | Entered arena 13.
   553 | D        | Noticed a deep elf pyromancer
   553 | D        | Noticed a deep elf sorcerer
   553 | D        | Noticed a deep elf zephyrmancer
   553 | D        | Noticed a +3 battleaxe of electrocution
   553 | D        | Noticed a +0 war axe of freezing
   554 | D        | Noticed a deep elf high priest
   554 | D        | Noticed a deep elf blademaster
   554 | D        | Noticed a deep elf blademaster
   554 | D        | Found a transporter.
   555 | D        | Paralysed by an air elemental for 1 turns
   556 | D        | Killed a deep elf sorcerer
   556 | D        | Reached skill level 15 in Unarmed Combat
   556 | D        | Killed a +3 battleaxe of electrocution
   556 | D        | Killed a deep elf pyromancer
   556 | D        | Killed a deep elf high priest
   557 | D        | Killed a deep elf zephyrmancer
   558 | D        | Killed a deep elf blademaster
   559 | D        | Reached skill level 10 in Dodging
   559 | D        | Reached skill level 10 in Shapeshifting
   561 | D        | Killed a deep elf blademaster
   561 | D        | Killed a +0 war axe of freezing
   562 | D        | Reached skill level 16 in Unarmed Combat
   562 | D        | Reached XP level 12. HP: 28/123 MP: 11/11
   761 | D        | Entered arena 14.
   762 | D        | Noticed a caustic shrike
   762 | D        | Noticed an ancient champion
   762 | D        | Noticed an ancient champion
   762 | D        | Noticed an iron golem
   762 | D        | Found the +5 Lochaber axe {reach-cleave, Poleaxe ^Drain}
   762 | D        | Noticed an iron dragon
   762 | D        | Noticed an ancient champion
   762 | D        | Noticed an ancient champion
   762 | D        | Noticed an ancient champion
   763 | D        | Noticed an ancient champion
   763 | D        | Noticed an iron dragon
   765 | D        | Noticed an ancient champion
   765 | D        | Found the +7 great mace "Undeadhunter" {deathbane, rN+}
   765 | D        | Found a transporter.
   766 | D        | Killed a caustic shrike
   767 | D        | Reached skill level 10 in Armour
   770 | D        | Killed an ancient champion
   772 | D        | Killed an ancient champion
   772 | D        | Killed an ancient champion
   772 | D        | HP: 3/125 [ancient champion/+3 great sword (6)]
   773 | D        | Reached skill level 17 in Unarmed Combat
   779 | D        | Killed an ancient champion
   779 | D        | Mangled by an iron golem

Illustrated notes

Levels and vault maps discovered:
D:        sprint_v [room_start, room_1, room_2, room_3, room_4, room_5, room_6,
          room_7, room_8, room_9, room_10, room_11, room_12, room_13, room_14,
          room_15, room_16, room_17, room_18, room_19, room_20, room_21,
          room_22, room_23, room_24, room_25, room_26, room_27]

Skill      XL: |  1  2  3  4  5  6  7  8  9 10 11 12 |
---------------+-------------------------------------+-----
Fighting       | 3 4 5 6 7 8 9 10 11 13 14 | 14.5
Armour         | 1 2 3 4 5 6 7 8 9 10 | 10.5
Dodging        | 3 4 5 6 8 10 | 10.8
Unarmed Combat | 4 5 6 7 8 9 11 12 13 16 17 | 17.0
Evocations     | 1 2 3 4 5 6 7 8 9 |  9.2
Shapeshifting  | 2 3 4 5 6 7 8 10 11 | 11.0

Action                     |  1- 3 |  4- 6 |  7- 9 | 10-12 || total
---------------------------+-------+-------+-------+-------++-------
  Melee: Unarmed           |     6 |    20 |    62 |   127 ||   215
 Invoke: Serpent's Lash    |       |       |     2 |     3 ||     5
         Heavenly Storm    |       |       |     1 |     3 ||     4
Ability: Whirlwind         |     3 |    12 |    37 |    76 ||   128
         Lunge             |     2 |     3 |     6 |     9 ||    20
         Wall Jump         |       |     1 |       |     3 ||     4
    Use: Potion            |     1 |       |       |     5 ||     6
         Scroll            |       |       |       |     2 ||     2
 Armour: Gold dragon scale |     2 |    51 |    25 |    64 ||   142
  Dodge: Dodged            |     1 |    11 |    19 |    29 ||    60
   Form: Beast             |     1 |       |       |     1 ||     2
         Blade             |       |       |       |     1 ||     1

Table legend: (Time is in decaauts)
 A = Elapsed time spent in this place.
 B = Non-inter-level travel time spent in this place.
 C = Inter-level travel time spent in this place.
 D = Time resting spent in this place.
 E = Time spent auto-exploring this place.
 F = Levels seen in this place.
 G = Mean time per level.
                   A        B        C        D        E       F      G
               +--------+--------+--------+--------+--------+-----+--------+
         Total |    773 |    773 |      0 |    370 |      0 |   1 |  773.0 |
       Dungeon |    773 |    773 |      0 |    370 |      0 |   1 |  773.0 |
               +--------+--------+--------+--------+--------+-----+--------+

Top non-repeatable levels by time:
       D: 773 daAuts
